 Dungeon Crawl Stone Soup version 0.31-a0-638-g26219f789d (webtiles) character file.

Game seed: 2784258686568254211

2028 MacCMillion the Tainter (level 9, 38/38 HPs)
             Began as a Felid Venom Mage on Aug 25, 2023.
             Was a Follower of Kikubaaqudgha.
             Quit the game on level 8 of the Dungeon on Aug 27, 2023.
             The game lasted 00:26:06 (9094 turns).

MacCMillion the Tainter (Felid Venom Mage)          Turns: 9094, Time: 00:26:06

Health: 38/38      AC:  2    Str:  4    XL:     9   Next: 3%
Magic:  16/16      EV: 18    Int: 21    God:    Kikubaaqudgha [*.....]
Gold:   199        SH:  0    Dex: 16    Spells: 2/16 levels left
                                        Lives:  1   Deaths: 2

rFire   . . .        (weapon unavailable)
rCold   + . .        (shield unavailable)
rNeg    . . .        (body armour unavailable)
rPois   .            (helmet unavailable)
rElec   .            (cloak unavailable)
rCorr   .            (gloves unavailable)
SInv    +            (boots unavailable)
Will    +....        (no amulet)
Stlth   ++           h - ring of protection from cold
HPRegen 0.26/turn    (no ring)
MPRegen 0.15/turn

%: no passive effects
@: studying Shapeshifting, quick
A: very small, claws 1, fangs 3, see invisible, speed 1, shaggy fur 2, stealthy
paws, no weapons or thrown items, no armour, multi-lived
a: Renounce Religion, Unearth Wretches


You were on level 8 of the Dungeon.
You worshipped Kikubaaqudgha.
Kikubaaqudgha was aware of your devotion.
You visited 1 branch of the dungeon, and saw 8 of its levels.

You collected 268 gold pieces.
You spent 69 gold pieces at shops.

Inventory:

Jewellery
 h - a ring of protection from cold (left paw)
 l - a ring of ice
 q - a ring of flight
Wands
 p - a wand of flame (14)
Scrolls
 b - a scroll of fear
 c - a scroll of fog {unknown}
 d - a scroll of noise {unknown}
 f - a scroll of blinking {unknown}
 j - a scroll of immolation {unknown}
 m - 3 scrolls of teleportation {unknown}
 u - a scroll of identify
Potions
 a - a potion of magic
 e - 3 potions of mutation
 g - 3 potions of brilliance
 i - 3 potions of curing
 k - a potion of attraction {unknown}
 n - a potion of berserk rage {unknown}
 o - 2 potions of degeneration {unknown}
 r - a potion of heal wounds {unknown}
 s - a potion of cancellation {unknown}
 t - a potion of resistance {unknown}


   Skills:
 - Level 3.6 Fighting
 - Level 3.4 Dodging
 - Level 2.6 Stealth
 - Level 4.2 Spellcasting
 - Level 1.0 Conjurations
 * Level 3.6 Necromancy
 - Level 1.1 Transmutations
 - Level 4.0 Air Magic
 - Level 8.0 Poison Magic


You had 2 spell levels left.
You knew the following spells:

 Your Spells              Type           Power      Damage    Failure   Level
a - Sting                 Tmut/Pois      92%        1d7       1%          1
b - Poisonous Vapours     Pois/Air       58%        N/A       1%          2
c - Mephitic Cloud        Conj/Pois/Air  22%        N/A       6%          3
d - Olgreb's Toxic Radia  Pois           38%        N/A       4%          4
e - Animate Dead          Necr           19%        N/A       26%         4

Your spell library contained the following spells:

 Spells                   Type           Power      Damage    Failure   Level
 Cigotuvi's Dreadful Rot  Necr/Pois/Air  52%        N/A       1%          2
 Necrotise                Necr           76%        1d7       2%          1
 Kiss of Death            Conj/Necr      56%        2d9       4%          1
 Apportation              Tloc           8%         N/A       12%         1
 Vhi's Electric Charge    Tloc/Air       24%        N/A       16%         3
 Dazzling Flash           Conj/Hex       12%        N/A       28%         3
 Call Canine Familiar     Summ           4%         N/A       34%         3
 Summon Guardian Golem    Hex/Summ       4%         N/A       34%         3
 Summon Lightning Spire   Summ/Air       12%        N/A       45%         4
 Alistair's Intoxication  Tmut/Pois      15%        N/A       45%         5
 Agony                    Necr           19%        N/A       58%         5
 Leda's Liquefaction      Hex/Erth       2%         N/A       75%         4
 Arcjolt                  Conj/Air       7%         1d17      75%         5
 Silence                  Hex/Air        6%         N/A       82%         5
 Freezing Cloud           Conj/Ice/Air   5%         6-21      86%         5
 Lee's Rapid Deconstruct  Erth           2%         3d4*      97%         5
 Plasma Beam              Fire/Air       6%         2x1d16    100%        6
 Orb of Destruction       Conj           4%         9d5       100%        7
 Spellforged Servitor     Conj/Summ      3%         N/A       100%        7
 Portal Projectile        Hex/Tloc       Unusable   N/A       N/A         3
 Animate Armour           Summ/Erth      Unusable   N/A       N/A         4

Dungeon Overview and Level Annotations

Branches:
Dungeon (8/15)             Temple (0/1) D:5
   Lair: D:8-11

Altars:
Hepliaklqana
Kikubaaqudgha
Trog

Shops:
D:3 =?*(   D:4 ((!

Annotations:
D:3 2 transporters
D:5 2 transporters, CrazyBamboolord's ghost, novice MfSh
D:6 Menkaure


Innate Abilities, Weirdness & Mutations

You have sharp claws.
You have razor-sharp teeth.
You have supernaturally acute eyesight. (SInv)
You cover ground quickly. (Speed+)
You are covered in thick fur. (AC +2)
Your paws help you pounce on unaware monsters.
You are incapable of wielding weapons or throwing items.
You cannot wear armour.
You gain extra lives every three experience levels.


Message History

Your experience leads to an increase in your attributes!
Increase (S)trength, (I)ntelligence, or (D)exterity?
You feel clever. x2
* * * LOW HITPOINT WARNING * * *
You feel sick.
* * * LOW HITPOINT WARNING * * *
You feel sick.
You feel better.
Casting: Sting (safe; 1% risk of failure)
Confirm with . or Enter, or press ? or * to list all spells.
Aiming: Poisonous Vapours (safe; 1% risk of failure)
Press: ? - help, Dir - move target, f - gnoll
Aim: a gnoll, wielding a +0 club Poisonous vapours surround the gnoll!
The gnoll is poisoned.
Casting: Poisonous Vapours (safe; 1% risk of failure)
Confirm with . or Enter, or press ? or * to list all spells.
Aiming: Poisonous Vapours (safe; 1% risk of failure)
Press: ? - help, Dir - move target, f/p - gnoll
Aim: a gnoll, wielding a +0 club (very poisoned) Poisonous vapours surround the gnoll!
The gnoll looks as sick as possible!
You kill the gnoll!
Kikubaaqudgha accepts your kill.
You start resting.
Magic restored.
HP restored.
You see here a +0 club.
You open the door.
There is an open door here.
u - a scroll of identify
o - 2 viscous black potions (gained 1)
You now have 199 gold pieces (gained 16).
Found a ring mail.
You enter the shallow water.
Moving in this stuff is going to be slow.
Found a stone staircase leading down.
A wight comes into view. It is wielding a +0 long sword.
Found a stone staircase leading up.
A wight is nearby!
A wight is nearby!
Are you sure you want to abandon this character and quit the game? (Confirm with "yes".)

#.~≈## ≈~# #.~~~# ~~~#
#.#~~## #~~##
#.##~~###≈~... #.##~~≈~≈~~#
#..##~~~~~.# ###
############..[..#####...#z
.........................><
...#############@....$.#
...# #......## ...#
#......# ...# #......# ####
#..$...# ######## ### ..#


There were no monsters in sight!

Vanquished Creatures
  A two-headed ogre (D:5)
  A hornet (D:5)
  A water moccasin (D:8)
  A black bear (D:6)
  An ice beast (D:5)
  2 bullfrogs
  2 scorpions
  A howler monkey (D:6)
  2 jellies (D:4)
  An orc priest (D:6)
  2 sleepcaps (D:5)
  4 hounds
  3 iguanas
  4 orc wizards
  3 gnolls
  8 adders
  A white imp (D:6)
  An ufetubus (D:6)
  A worm (D:2)
  2 dart slugs
  14 orcs
  5 ball pythons
  8 bats
  9 endoplasms
  7 giant cockroaches
  8 goblins
  3 hobgoblins
  2 jackals (D:3)
  7 kobolds
  6 quokkas
  4 rats
115 creatures vanquished.

Notes
Turn   | Place    | Note
-------+----------+-------------------------------------------
     0 | D:1      | MacCMillion the Felid Venom Mage began the quest for the
                  | Orb.
     0 | D:1      | Reached XP level 1. HP: 7/7 MP: 4/4
   176 | D:1      | Reached skill level 3 in Poison Magic
   310 | D:1      | Reached XP level 2. HP: 11/11 MP: 3/6
   587 | D:1      | Learned a level 2 spell: Poisonous Vapours
   888 | D:1      | Found a faded altar of an unknown god.
  1107 | D:2      | You fall into a shaft and drop 2 floors!
  1342 | D:4      | Found Ufegrib's Weapon Shoppe.
  1371 | D:4      | Reached XP level 3. HP: 14/14 MP: 3/7
  1524 | D:4      | Reached skill level 1 in Air Magic
  2048 | D:2      | Reached skill level 4 in Poison Magic
  2170 | D:2      | Reached XP level 4. HP: 18/18 MP: 4/8
  2174 | D:2      | Learned a level 3 spell: Mephitic Cloud
  2713 | D:3      | Found Kax Rogu's Assorted Antiques.
  2757 | D:3      | Found Vimackuode's Antique Weapon Shoppe.
  2761 | D:3      | Bought a scroll labelled ITSAR USONYXIX for 30 gold pieces
  3193 | D:3      | Found a transporter.
  3193 | D:3      | Found Fuacwy Kiome's Magic Scroll Shoppe.
  3258 | D:3      | Found Rocoe's Jewellery Shoppe.
  3320 | D:3      | Found a transporter.
  3370 | D:3      | Slain by a hound
  3410 | D:3      | Found an ancient bone altar of Kikubaaqudgha.
  3423 | D:3      | Became a worshipper of Kikubaaqudgha
  3532 | D:4      | Found Nehigodu's Antique Weapon Shoppe.
  3549 | D:4      | Reached XP level 5. HP: 13/21 MP: 0/9
  3803 | D:4      | Found Saxikeg's Distillery.
  3976 | D:4      | Bought a potion of curing for 39 gold pieces
  4517 | D:4      | Found a hazy altar of Hepliaklqana.
  4781 | D:4      | Reached skill level 5 in Poison Magic
  4781 | D:4      | Gained mutation: You are covered in thick fur. (AC +2)
                  | [Felid growth]
  4781 | D:4      | Reached XP level 6. HP: 24/24 MP: 2/10
  5252 | D:5      | Entered Level 5 of the Dungeon
  5433 | D:5      | Found a staircase to the Ecumenical Temple.
  5619 | D:5      | Reached * piety under Kikubaaqudgha
  5619 | D:5      | Received a gift from Kikubaaqudgha
  5625 | D:5      | Learned a level 4 spell: Olgreb's Toxic Radiance
  5852 | D:5      | Noticed a hornet
  5866 | D:5      | Paralysed by a hornet for 2 turns
  5867 | D:5      | Killed a hornet
  5868 | D:5      | Reached XP level 7. HP: 8/27 MP: 4/13
  5950 | D:5      | Noticed a two-headed ogre
  6035 | D:5      | Slain by a two-headed ogre
  6039 | D:5      | Reached skill level 6 in Poison Magic
  6112 | D:5      | Killed a two-headed ogre
  6113 | D:5      | Reached skill level 7 in Poison Magic
  6113 | D:5      | Reached XP level 8. HP: 32/34 MP: 3/15
  6294 | D:5      | Upgraded the game from 0.31-a0-636-ge1c0e020e0 to
                  | 0.31-a0-638-g26219f789d
  6357 | D:5      | Found a transporter.
  6359 | D:5      | Noticed CrazyBamboolord's ghost (novice MfSh)
  6368 | D:5      | Found a transporter.
  6831 | D:6      | Noticed Menkaure
  7018 | D:6      | Learned a level 4 spell: Animate Dead
  7309 | D:6      | Found a bloodstained altar of Trog.
  7407 | D:6      | Reached skill level 1 in Conjurations
  7866 | D:6      | Reached skill level 1 in Necromancy
  7866 | D:6      | Reached skill level 8 in Poison Magic
  8917 | D:8      | Reached XP level 9. HP: 10/38 MP: 10/16
  9094 | D:8      | Quit the game

Illustrated notes

Levels and vault maps discovered:
D:1:      dpeg_arrival_orchard, layout_loops_corners,
          ebering_ecumenical_altar_sacrificial, minmay_3d_cube
D:2:      layout_loops_cross
D:3:      layout_rooms, nicolae_kikubaaqudgha_miasma_corner, serial_shops,
          nicolae_shop_gaudy_bauble, nicolae_shop_drivethru, shop_fountains,
          shop
D:4:      minmay_razor_zed, layout_basic, mainiacjoe_overflow_24_doors,
          serial_shops, nicolae_diamond_shop, nicolae_shop_statue_plus,
          nicolae_shop_advertising_works [nicolae_subvault_shop_adworks]
D:5:      layout_basic, minmay_temple_entry_large_hall,
          gammafunk_ghost_mausoleum, amcnicky_mini_rare_corridor_liquid,
          minmay_manual_mess
D:6:      layout_basic, mainiacjoe_overflow_boulevard, kennysheep_windowed_goal,
          uniq_menkaure
D:7:      layout_loops_ring, kennysheep_generic_room_5
D:8:      minmay_cornered_nines, layout_basic, hellmonk_lair_entry_icy,
          grunt_decor_one_mirror, grunt_livestock, worms_lemuel

Skill      XL: |  1  2  3  4  5  6  7  8 |
---------------+-------------------------+-----
Poison Magic   | 3 4 5 7 8 |  8.0
Air Magic      | 1 2 3 4 |  4.0
Spellcasting   | 3 4 |  4.2
Fighting       | 3 |  3.6
Dodging        | 3 |  3.4
Conjurations   | 1 |  1.0
Necromancy     | 3 |  3.6
Stealth        | |  2.6
Transmutations | |  1.1

Action                     |  1- 3 |  4- 6 |  7- 9 || total
---------------------------+-------+-------+-------++-------
  Melee: Unarmed           |       |     5 |     6 ||    11
         Bite              |       |     1 |     2 ||     3
   Cast: Sting             |    60 |    71 |    22 ||   153
         Poisonous Vapours |       |    37 |    57 ||    94
         Mephitic Cloud    |       |       |     1 ||     1
         Olgreb's Toxic Ra |       |       |     1 ||     1
    Use: Scroll            |     5 |     3 |       ||     8
         Potion            |       |       |     2 ||     2
   Stab: Distracted        |       |       |     1 ||     1
         Confused          |       |       |     1 ||     1
 Armour: Skin              |       |     2 |     3 ||     5
  Dodge: Dodged            |    24 |    45 |    68 ||   137

Table legend: (Time is in decaauts)
 A = Elapsed time spent in this place.
 B = Non-inter-level travel time spent in this place.
 C = Inter-level travel time spent in this place.
 D = Time resting spent in this place.
 E = Time spent auto-exploring this place.
 F = Levels seen in this place.
 G = Mean time per level.
                   A        B        C        D        E       F      G
               +--------+--------+--------+--------+--------+-----+--------+
         Total |   7947 |   7780 |    167 |   1857 |   3938 |   8 |  993.4 |
       Dungeon |   7947 |   7780 |    167 |   1857 |   3938 |   8 |  993.4 |
               +--------+--------+--------+--------+--------+-----+--------+

Top non-repeatable levels by time:
     D:4: 1956 daAuts
     D:5: 1376 daAuts
     D:6: 1213 daAuts
     D:2: 1005 daAuts
     D:1: 888 daAuts
     D:3: 783 daAuts
     D:7: 435 daAuts
     D:8: 289 daAuts
